 Dungeon Crawl Stone Soup version 0.14-a0-736-g2a71271 (webtiles) character file.

109 Malachi the Ruffian (level 3, -5/28 HPs)
             Began as a Draconian Transmuter on Nov 7, 2013.
             Was an Initiate of Makhleb.
             Slain by a hobgoblin
             ... wielding a +0,+0 club
              (7 damage)
             ... on Level 2 of the Dungeon.
             The game lasted 00:02:34 (1084 turns).

Malachi the Ruffian (Draconian Transmuter)          Turns: 1084, Time: 00:02:34

HP  -5/28        AC  5     Str 12      XL: 3   Next: 71%
MP   4/4         EV 12     Int 14      God: Makhleb [......]
Gold 53          SH  0     Dex 11      Spells:  3 memorised,  0 levels left

Res.Fire  : . . .   See Invis. : .     - Unarmed
Res.Cold  : . . .   Warding    : .   (armour unavailable)
Life Prot.: . . .   Conserve   : .   (no shield)
Res.Poison: .       Res.Corr.  : .   (helmet restricted)
Res.Elec. : .       Clarity    : .   (no cloak)
Sust.Abil.: . .     Spirit.Shd : .   (no gloves)
Res.Mut.  : .       Stasis     : .   (no boots)
Res.Rott. : .       Flight     : .   (no amulet)
Saprovore : . . .                    (no ring)
                                     (no ring)

@: not resistant to hostile enchantments, unstealthy
A: unfitting armour, AC +5
a: Renounce Religion


You were on level 2 of the Dungeon.
You worshipped Makhleb.
Makhleb was noncommittal.
You were not hungry.

You visited 1 branch of the dungeon, and saw 2 of its levels.

You collected 53 gold pieces.

Inventory:

Missiles
 b - 12 arrows
 o - 3 needles of sleeping
Comestibles
 a - a bread ration
 f - a chunk of rat flesh
 j - a rotting chunk of rat flesh
 k - a beef jerky
Scrolls
 e - 3 scrolls of identify {unknown}
 g - 3 scrolls of teleportation {unknown}
 h - a scroll of curse weapon {unknown}
 i - a scroll of enchant weapon I {unknown}
 l - 2 scrolls of curse jewellery {unknown}
 p - a scroll of enchant weapon II {unknown}
 q - a scroll of amnesia {unknown}
 s - 3 scrolls of enchant armour {unknown}
Potions
 c - a potion of heal wounds {unknown}
 m - a potion of brilliance {unknown}
 n - a potion of resistance {unknown}
 r - a potion of curing {unknown}
Books
 d - a book of Changes

   Spells                             Type                      Level
   *Beastly Appendage                 Transmutation                1
   *Sticks to Snakes                  Transmutation                2
   *Spider Form                       Transmutation/Poison         3
   Ice Form                           Ice/Transmutation            4
   Blade Hands                        Transmutation                5


   Skills:
 - Level 1.3 Fighting
 - Level 2.1 Dodging
 - Level 0.2 Stealth
 - Level 3.9 Unarmed Combat
 - Level 2.0 Spellcasting
 * Level 2.5 Transmutations
 * Level 0.8 Poison Magic


You couldn't memorise any spells.
You knew the following spells:

 Your Spells              Type           Power        Failure   Level  Hunger
a - Beastly Appendage     Trmt           #.....       10%         1    ##.....
b - Sticks to Snakes      Trmt           #.........   14%         2    ###....
c - Spider Form           Trmt/Pois      #.........   38%         3    ####...


Dungeon Overview and Level Annotations

Branches:
Dungeon (2/27)

Altars:
Elyvilon
Makhleb
Vehumet


Message History

You hit the giant gecko.
You kill the giant gecko!
Makhleb accepts your kill.
You hit the hobgoblin.
The hobgoblin is heavily wounded.
The hobgoblin hits you with a club.
* * * LOW HITPOINT WARNING * * *
You hit the hobgoblin.
Your tail-slap misses the hobgoblin.
The hobgoblin is almost dead.
You barely miss the hobgoblin.
The hobgoblin is almost dead.
The hobgoblin hits you with a club.
* * * LOW HITPOINT WARNING * * *
You hit the hobgoblin but do no damage.
The hobgoblin is almost dead.
The hobgoblin hits you with a club.
* * * LOW HITPOINT WARNING * * *
Your talons disappear.
The hobgoblin hits you with a club!
You die...

#...≈≈≈≈≈.....≈≈≈≈≈.....≈≈≈
#....≈≈≈.%.♣...≈≈≈...♣...≈≈
#.........♣♣♣.......♣♣♣....
##.).....♣♣♣♣♣.b...♣♣♣♣♣...
##.....♣♣♣♣♣♣♣♣(♣♣♣♣♣ ♣♣..
#####%#♣♣ ♣♣♣♣♣♣♣♣♣ ###
#.## ♣♣♣♣♣ ##..
#..###############...
##.g@................
#.###.##########.... #.#
#.# #.... #.# #.# #....
#.###.##########....
#.#.................
#.#.......######....
#.#.......# #....
#.#.....[.##########


You could see a hobgoblin.

Vanquished Creatures
  2 adders (D:2)
  A giant mite (D:1)
  2 giant geckos (D:2)
  2 oozes
  2 hobgoblins (D:1)
  2 quokkas (D:2)
  A ball python (D:1)
  3 bats
  3 giant cockroaches
  2 goblins
  3 kobolds (D:1)
  4 rats
27 creatures vanquished.

Notes
Turn   | Place    | Note
--------------------------------------------------------------
     0 | D:1      | Malachi, the Draconian Transmuter, began the quest for the Orb.
     0 | D:1      | Reached XP level 1. HP: 16/16 MP: 1/1
    29 | D:1      | Reached XP level 2. HP: 21/23 MP: 3/3
   703 | D:2      | Found a burning altar of Makhleb.
   710 | D:2      | Found a radiant altar of Vehumet.
   794 | D:2      | Became a worshipper of Makhleb the Destroyer
   837 | D:2      | Reached XP level 3. HP: 20/28 MP: 2/4
   841 | D:2      | Learned a level 2 spell: Sticks to Snakes
   845 | D:2      | Learned a level 3 spell: Spider Form
   874 | D:2      | Found a white marble altar of Elyvilon.
  1080 | D:2      | HP: 1/28 [hobgoblin/club (3)]
  1084 | D:2      | Slain by a hobgoblin

Action                   || total
-------------------------++-------
Melee: Unarmed           ||   128
 Cast: Beastly Appendage ||     2
 Stab: Sleeping          ||     1
